AoeStats
← Gino6398

Migration

510124089Analyzed
1v1 RM · 2d ago on Sep 29, 2026· 58m 18s· 2 players
Game mode
Random Map
Map size
132×132
Population
200
Speed
Normal
Resources
Standard
Victory
Conquest
Starting age
Dark Age
Ending age
Imperial Age
RankedLock teamsTeams togetherTeam positionsShared explorationLock speedFull tech treeHidden civsTurbo modeCheats
Victory
Defeat
🇮🇹 Varangians · Italy
1075
+14
🇲🇽 Varangians · Mexico
1040
-14
Mezcalito
1:55 Loom
12:54 Feudal Age
13:35 Double-Bit Axe
14:14 Fishing Lines
16:47 Town Watch
17:00 Fletching
19:36 Castle Age
17:47 Padded Archer Armor
20:16 Pikeman
21:01 Scale Mail Armor
21:59 Gold Mining
22:00 Stone Mining
22:07 Stone Mining
22:29 Bow Saw
23:23 Squires
23:49 Chain Mail Armor
23:45 Forging
27:01 Bodkin Arrow
34:16 Imperial Age
33:42 Wheelbarrow
35:33 Bracer
36:55 Ballistics
36:35 Gillnets
46:10 Scale Barding Armor
46:23 Leather Archer Armor
55:32 Elite Longship
Gino6398
7:40 Loom
11:11 Feudal Age
15:52 Castle Age
14:20 Double-Bit Axe
14:31 Fletching
15:53 Scale Barding Armor
15:59 Forging
18:02 Wheelbarrow
17:45 Bloodlines
17:54 Horse Collar
18:24 Gold Mining
24:28 Ballistics
25:55 Hand Cart
27:23 Heavy Plow
36:09 Imperial Age
37:30 Chain Barding Armor
37:33 Bodkin Arrow
38:28 Conscription
39:41 Elite Jarl
40:24 Town Watch
43:40 Plate Barding Armor
43:42 Iron Casting
43:10 Bracer
45:22 Vendel Legacy
47:51 Capped Ram
51:01 Husbandry
50:54 Siege Ram
52:41 Squires
52:27 Gambesons
52:28 Arson
52:05 Elite Varangian Guard
53:40 Town Patrol
54:21 Scale Mail Armor
55:28 Masonry
56:21 Chemistry
57:24 Chain Mail Armor
58:10 Blast Furnace
Connection lost

Rejoining the realm…

Still unreachable

The connection could not be restored.

Session expired

The server has moved on; the page needs a fresh start.